AoeStats
← a.l.a.n.t

Nomad

505317086Analyzed
4v4 RM · 23d ago on Sep 8, 2026· 42m 26s· 8 players
Game mode
Random Map
Map size
231×231
Population
200
Speed
Normal
Resources
Standard
Victory
Conquest
Starting age
Dark Age
Ending age
Imperial Age
RankedLock teamsTeams togetherTeam positionsShared explorationLock speedFull tech treeHidden civsTurbo modeCheats
Victory
Defeat
🇸🇪 Koreans · Sweden
1352
+14
🇦🇷 Spanish · Argentina
1348
+14
🇦🇷 Dravidians · Argentina
1312
+15
🇨🇳 Wei · China
1215
+19
🇬🇧 Persians · United Kingdom
1312
-16
🇩🇪 Burgundians · Germany
1304
-16
🇸🇪 Koreans · Sweden
1294
-15
🇬🇧 Vietnamese · United Kingdom
1280
-15
11VillagerIdle
3:22 Loom
16:08 Feudal Age
19:35 Fletching
25:58 Castle Age
26:00 Double-Bit Axe
25:58 Horse Collar
26:10 Gold Mining
26:12 Stone Mining
27:06 Bodkin Arrow
27:56 Padded Archer Armor
28:58 Leather Archer Armor
34:29 Wheelbarrow
34:41 Bow Saw
35:41 Hand Cart
37:35 Thumb Ring
36:51 Elite Skirmisher
a.l.a.n.t
11:31 Loom
13:17 Feudal Age
17:54 Castle Age
35:59 Wheelbarrow
39:37 Double-Bit Axe
scarabe
12:54 Feudal Age
13:12 Loom
13:51 Double-Bit Axe
19:30 Castle Age
18:09 Town Watch
22:36 Forging
23:40 Scale Mail Armor
25:02 Fishing Lines
31:32 Imperial Age
32:21 Iron Casting
31:37 Fletching
35:23 Chain Mail Armor
38:18 Murder Holes
39:32 Plate Mail Armor
39:01 Bodkin Arrow
Elron69
9:46 Double-Bit Axe
12:10 Loom
14:45 Feudal Age
14:02 Horse Collar
14:56 Man-at-Arms
16:41 Bow Saw
16:34 Fletching
17:38 Scale Mail Armor
17:28 Arson
22:37 Heavy Plow
27:02 Castle Age
24:58 Gold Mining
26:37 Gold Shaft Mining
26:37 Stone Mining
29:12 Two-Man Saw
28:43 Crop Rotation
28:53 Stone Shaft Mining
28:40 Bodkin Arrow
28:33 Town Watch
29:53 Wheelbarrow
29:54 Squires
30:37 Chain Mail Armor
32:37 Hand Cart
33:11 Treadmill Crane
34:28 Ballistics
34:42 Burgundian Vineyards
35:01 Forging
39:07 Imperial Age
37:20 Iron Casting
37:36 Masonry
38:07 Murder Holes
39:50 Bracer
40:51 Chemistry
40:14 Conscription
AWAKALTA
3:30 Loom
5:59 Loom
13:00 Feudal Age
17:10 Castle Age
30:21 Town Watch
36:47 Fishing Lines
37:40 Gillnets
Mowgli
4:50 Loom
15:54 Feudal Age
20:12 Castle Age
18:40 Double-Bit Axe
38:20 Fletching
41:38 Bodkin Arrow
43:15 Ballistics
因为
8:42 Loom
15:04 Feudal Age
15:34 Double-Bit Axe
15:36 Fishing Lines
21:31 Castle Age
19:32 Stone Mining
20:36 Gold Mining
22:12 Scale Barding Armor
23:06 Bow Saw
25:08 Gillnets
28:05 Gold Shaft Mining
27:25 Horse Collar
29:17 Stone Shaft Mining
29:43 Wheelbarrow
30:19 Forging
31:43 Fletching
31:55 Padded Archer Armor
weaking
6:37 Loom
13:29 Feudal Age
13:57 Double-Bit Axe
15:12 Fishing Lines
19:07 Castle Age
20:59 Gillnets
23:44 Wheelbarrow
24:17 Town Watch
24:54 Bow Saw
25:16 Medium Warships
26:10 Gold Mining
26:11 Stone Mining
31:28 Imperial Age
30:03 Hand Cart
29:56 Fletching
30:37 Scale Barding Armor
31:56 Medical Corps
32:32 Ballistics
32:09 Bodkin Arrow
33:04 Bracer
33:51 Thumb Ring
35:08 Padded Archer Armor
36:33 Husbandry
37:03 Leather Archer Armor
37:57 Chemistry
38:48 Chain Barding Armor
40:59 Ring Archer Armor
Connection lost

Rejoining the realm…

Still unreachable

The connection could not be restored.

Session expired

The server has moved on; the page needs a fresh start.